 Dungeon Crawl Stone Soup version 0.30-a0-377-g5cb311bc9f (webtiles) character file.

Game seed: 15871108363258082015

9 zishaf the Sneak (level 2, 0/22 HPs)
             Began as a Vine Stalker Brigand on Nov 30, 2022.
             Succumbed to a kobold's poison
             ... on level 1 of the Dungeon.
             The game lasted 00:00:49 (125 turns).

zishaf the Sneak (Vine Stalker Brigand)              Turns: 125, Time: 00:00:50

Health: 0/22       AC: 21    Str: 13    XL:     2   Next: 16%
Magic:  1/3        EV:  2    Int: 11    God:
Gold:   12         SH:  0    Dex: 15    Spells: 1/1 levels left

rFire   . . .      SeeInvis .    a - +2 dagger
rCold   . . .      Faith    .    (no shield)
rNeg    . . .      Spirit   +    (body armour currently unavailable)
rPois   +          Reflect  .    (helmet currently unavailable)
rElec   .          Harm     .    (cloak currently unavailable)
rCorr   .          Rampage  .    (gloves currently unavailable)
Will    .....      NoTele   +    (boots currently unavailable)
Stlth   +++.......               (no amulet)
HPRegen 0.23/turn                (no ring)
MPRegen 0.08/turn                (no ring)

@: lethally poisoned (0 -> 0), tree-form
A: stationary, stasis, torment immunity, boosted hp, (fangs 2), magic shield,
(antimagic bite), no potion heal 2
a: no special abilities


You were on level 1 of the Dungeon.
You were a tree.
You visited 1 branch of the dungeon, and saw 1 of its levels.

You collected 12 gold pieces.

Inventory:

Hand Weapons
 a - a +2 dagger (weapon)
Missiles
 d - 9 poisoned darts (quivered)
 e - 3 curare-tipped darts
Armour
 b - a +0 robe
 c - a +0 cloak (melded)
 f - a +0 leather armour (melded)
Scrolls
 g - a scroll of immolation {unknown}


   Skills:
 + Level 2.0 Fighting
 + Level 2.0 Short Blades
 - Level 2.0 Throwing
 - Level 1.0 Dodging
 - Level 5.0 Stealth


You had one spell level left.
You didn't know any spells.
Your spell library was empty.

Dungeon Overview and Level Annotations

Branches:
Dungeon (1/15)

Altars:


Innate Abilities, Weirdness & Mutations

You are a tree.
Your roots penetrate the ground, keeping you stationary.
You cannot be teleported.
You are immune to unholy pain and torment.
Your maximum health is greatly increased.
Your equipment is partially melded.
((You have extremely sharp teeth.))
When hurt, damage is shared between your health and your magic reserves.
((Your bite disrupts and absorbs the magic of your enemies.))
Potions cannot restore your health.


Message History

The jackal barks! x3
You hit the kobold.
The kobold is moderately wounded.
You feel very sick. The kobold barely misses you.
You hit the kobold.
You kill the kobold!
You feel sick. The jackal completely misses you.
Training target 2.0 for Throwing reached!
Your Fighting skill increases to level 2!
Your Short Blades skill increases to level 2!
Your Throwing skill increases to level 2!
Press: ? - help, v - describe, . - travel, g - get item
Items here: a +2 dagger of venom; 4 stones; a kobold corpse.
The floor, spattered with blood.
You feel sick. The jackal attacks as you move away!
The jackal closely misses you.
* * * LOW HITPOINT WARNING * * *
You feel sick. The jackal attacks as you move away!
The jackal barely misses you.
* * * LOW HITPOINT WARNING * * *
You feel sick.
The jackal bites you but does no damage.
The jackal attacks as you move away! The jackal misses you.
* * * LOW HITPOINT WARNING * * *
You feel sick.
It was a potion of lignification.
You turn into a tree.
Your +0 cloak melds into your body.
Your +0 leather armour melds into your body.
Your roots penetrate the ground.
You feel sick.
The jackal bites you but does no damage.
The jackal bites you.
* * * LOW HITPOINT WARNING * * *
You hit the jackal.
The jackal is moderately wounded.
* * * LOW HITPOINT WARNING * * *
You feel sick.
You hit the jackal.
The jackal is moderately wounded.
You die...

##### #...#
#...# ###
##...# #..#
########....#
...#
##...........#
.[.#
##..#######...#
#..####..##
#...#
#..#.h♣.##
####.####
#...h#h##
#........
#...PPPP#
#.......>
###.h$$P#
#....†...
#).$$$P#
#........
#.P$$$P#
#........


..PPPPP.# #........ .#####.#.# ###.....# .. ....# #..#.## You could see 4
jackals.

Vanquished Creatures
  A bat (D:1)
  An endoplasm (D:1)
  A goblin (D:1)
  A hobgoblin (D:1)
  A kobold (D:1)
  A quokka (D:1)
  2 frilled lizards (D:1)
  2 toadstools (D:1)
10 creatures vanquished.

Vanquished Creatures (others)
  A fungus (D:1)
1 creature vanquished.

Grand Total: 11 creatures vanquished

Notes
Turn   | Place    | Note
-------+----------+-------------------------------------------
     0 | D:1      | zishaf the Vine Stalker Brigand began the quest for the
                  | Orb.
     0 | D:1      | Reached XP level 1. HP: 11/11 MP: 2/2
    89 | D:1      | Reached skill level 1 in Dodging
    89 | D:1      | Reached XP level 2. HP: 15/15 MP: 3/3
    98 | D:1      | Reached skill level 5 in Stealth
   124 | D:1      | HP: 1/22 [poisoned by a kobold]
   125 | D:1      | Succumbed to a kobold's poison

Illustrated notes

Levels and vault maps discovered:
D:1:      scummos_arrival_hexagon, layout_rooms, minmay_gold_behind_fungi,
          minmay_fountain_box

Skill      XL: |  1  2 |
---------------+-------+-----
Dodging        | 1 |  1.0
Stealth        | 5 |  5.0
Fighting       | 2 |  2.0
Short Blades   | 2 |  2.0
Throwing       | 2 |  2.0

Action                   || total
-------------------------++-------
Melee: Dagger            ||    22
       Bite              ||     4
  Use: Potion            ||     1
 Stab: Sleeping          ||     2
Armor: Leather armour    ||    13
       Skin              ||     1
Dodge: Dodged            ||    15

Table legend: (Time is in decaauts)
 A = Elapsed time spent in this place.
 B = Non-inter-level travel time spent in this place.
 C = Inter-level travel time spent in this place.
 D = Time resting spent in this place.
 E = Time spent auto-exploring this place.
 F = Levels seen in this place.
 G = Mean time per level.
                   A        B        C        D        E       F      G
               +--------+--------+--------+--------+--------+-----+--------+
         Total |    123 |    123 |      0 |      0 |     41 |   1 |  123.0 |
       Dungeon |    123 |    123 |      0 |      0 |     41 |   1 |  123.0 |
               +--------+--------+--------+--------+--------+-----+--------+

Top non-repeatable levels by time:
     D:1: 123 daAuts
